[Event "Titled Tuesday Blitz January 17 Late 2023"]
[White "Sielecki, Christof"]
[Black "Gerbelli Neto, Eduardo"]
[WhiteFideId "4620437"]
[BlackFideId "2103281"]
[WhiteElo "2419"]
[BlackElo "2114"]
[Result "1-0"]
[Round "03"]
[TimeControl "180+2"]
[Date "2023.01.17"]
[WhiteClock "0:00:23"]
[BlackClock "0:00:20"]

1. e4 e5 2. Nf3 Nc6 3. Bb5 a6 4. Ba4 d6 5. Nc3 Bg4 6. h3 Bh5 7. d4 b5 8. Nxb5 axb5 9. Bxb5 Ne7 10. d5 Rb8 11. a4 Rxb5 12. axb5 Bxf3 13. Qxf3 Nd4 14. Qd3 Qb8 15. c4 g6 16. O-O Bg7 17. Be3 O-O 18. b4 f5 19. f3 fxe4 20. fxe4 h6 21. Rxf8+ Qxf8 22. c5 Nc8 23. Rc1 Qe8 24. b6 cxb6 25. c6 Qe7 26. Qa6 Qc7 27. Qb7 Qd8 28. Qd7 Qf8 29. Bxd4 exd4 30. Rf1 Bf6 31. Rxf6 Qxf6 32. Qxc8+ Kg7 33. Qd7+ Kg8 34. c7 1-0


[Site "https://www.chess.com"]

[Event "Titled Tuesday Blitz January 17 Late 2023"]
[White "Kovacs, Klara"]
[Black "Cori T., Deysi"]
[WhiteFideId "733210"]
[BlackFideId "3801934"]
[WhiteElo "2121"]
[BlackElo "2362"]
[Result "0-1"]
[Round "03"]
[TimeControl "180+2"]
[Date "2023.01.17"]
[WhiteClock "0:00:34"]
[BlackClock "0:01:55"]

1. d4 Nf6 2. Nf3 e6 3. g3 b6 4. Bg2 Bb7 5. O-O Be7 6. Nc3 O-O 7. Re1 d5 8. Ne5 Nbd7 9. Bf4 c5 10. e4 cxd4 11. Qxd4 Bc5 12. Qd2 Nxe5 13. Bxe5 Ng4 14. Rf1 Nxe5 15. exd5 exd5 16. a3 Nc4 17. Qc1 a5 18. b3 Bd4 19. bxc4 Bxc3 20. Rb1 Qf6 21. cxd5 Rfd8 22. Rd1 Bd4 23. Qd2 Bc5 24. c4 Bxa3 25. h4 Rac8 26. Qd3 Bc5 27. Rd2 h6 28. Be4 Ba6 29. Rc2 a4 30. Kg2 a3 31. Rb3 Qe7 32. Qf3 Rd6 33. Qf5 g6 34. Qf3 Rf6 35. Qd3 Re8 36. f3 Qe5 37. Rb1 Bd6 0-1


[Site "https://www.chess.com"]

[Event "Titled Tuesday Blitz January 17 Late 2023"]
[White "Megalios, Konstantinos"]
[Black "Degtiarev, Evgeny"]
[WhiteFideId "4238044"]
[BlackFideId "4149610"]
[WhiteElo "2372"]
[BlackElo "2385"]
[Result "1-0"]
[Round "03"]
[TimeControl "180+2"]
[Date "2023.01.17"]
[WhiteClock "0:00:07"]
[BlackClock "0:00:03"]

1. e4 e5 2. Nf3 Nc6 3. Bb5 Nf6 4. d3 Bc5 5. Bxc6 dxc6 6. Nbd2 Bd6 7. Nc4 Be6 8. Ncxe5 Qe7 9. O-O h6 10. Re1 O-O-O 11. Nxc6 bxc6 12. e5 Bg4 13. exd6 Qxd6 14. Be3 Nd5 15. c3 c5 16. a4 Rhe8 17. d4 c4 18. a5 Qf6 19. Ra4 Nf4 20. Bxf4 Qxf4 21. Rxe8 Rxe8 22. Ra1 Bxf3 23. Qxf3 Qxf3 24. gxf3 Re2 25. Ra4 Rxb2 26. Rxc4 Rb5 27. Ra4 Kd7 28. Kf1 Kd6 29. Ke2 Rb2+ 30. Ke3 a6 31. Rc4 Rb5 32. Ra4 Rb2 33. c4 Rb3+ 34. Ke4 Rb2 35. Ra1 Rxf2 36. Rb1 Rxh2 37. Rb8 Ra2 38. Rd8+ Ke7 39. Rc8 Kd7 40. Rf8 Ke7 41. Rg8 Rxa5 42. Rxg7 Rg5 43. Rh7 Rg6 44. c5 a5 45. f4 a4 46. f5 Ra6 47. Rg7 a3 48. Rg1 a2 49. Ra1 Ra3 50. Kd5 h5 51. Kc6 Kd8 52. d5 h4 53. f6 h3 54. Rg1 Re3 55. Ra1 h2 56. Rxa2 1-0


[Site "https://www.chess.com"]

[Event "Titled Tuesday Blitz January 17 Late 2023"]
[White "Taboas Rodriguez, Daniel"]
[Black "Szente Varga, Fruzsina"]
[WhiteFideId "2208466"]
[BlackFideId "712264"]
[WhiteElo "2371"]
[BlackElo "2075"]
[Result "1-0"]
[Round "03"]
[TimeControl "180+2"]
[Date "2023.01.17"]
[WhiteClock "0:01:25"]
[BlackClock "0:00:36"]

1. d4 Nf6 2. Nf3 g6 3. c4 Bg7 4. Nc3 O-O 5. e4 d6 6. Be2 e5 7. dxe5 dxe5 8. Qxd8 Rxd8 9. Bg5 Re8 10. Nd5 Nxd5 11. cxd5 c6 12. Bc4 cxd5 13. Bxd5 Nc6 14. O-O-O Nb4 15. Bb3 Be6 16. Bxe6 Rxe6 17. Kb1 h6 18. Be3 f5 19. Rd7 f4 20. Bc5 Na6 21. Rc1 b6 22. Ba3 b5 23. b3 g5 24. h3 Bf6 25. Rd6 Rxd6 26. Bxd6 Re8 27. Rc6 Re6 28. Rxa6 Be7 29. Rxa7 Bxd6 30. Ra6 Kf7 31. Kc2 b4 32. Ne1 f3 33. Nxf3 Bc5 34. Rxe6 Kxe6 35. Kd3 Bxf2 36. Kc4 Be3 37. g4 1-0


[Site "https://www.chess.com"]

[Event "Titled Tuesday Blitz January 17 Late 2023"]
[White "Defend, Balint"]
[Black "Liu, Kelsey"]
[WhiteFideId "17004853"]
[BlackFideId "30944481"]
[WhiteElo "1673"]
[BlackElo "2065"]
[Result "0-1"]
[Round "03"]
[TimeControl "180+2"]
[Date "2023.01.17"]
[WhiteClock "0:00:14"]
[BlackClock "0:00:29"]

1. e4 c5 2. Nf3 e6 3. c3 Nf6 4. e5 Nd5 5. d4 cxd4 6. cxd4 Nc6 7. Bc4 d6 8. Qe2 Be7 9. O-O O-O 10. Rd1 Qc7 11. Qe4 Ndb4 12. exd6 Bxd6 13. Nc3 a6 14. a3 Nd5 15. Nxd5 exd5 16. Bxd5 Bd7 17. Ng5 g6 18. Qh4 h5 19. Nxf7 Rxf7 20. Qf6 Bf5 21. Bxf7+ Qxf7 22. Qxd6 Rd8 23. Qc5 Bg4 24. Bg5 Rd5 25. Qc4 Bxd1 26. Rxd1 Rxg5 27. d5 Ne5 28. Qc8+ Kg7 29. d6 Qf3 30. Qxb7+ Qxb7 31. g3 Nf3+ 32. Kf1 Nxh2+ 33. Ke2 Qf3+ 34. Kd2 Rd5+ 35. Kc2 Qxd1+ 0-1


[Site "https://www.chess.com"]

[Event "Titled Tuesday Blitz January 17 Late 2023"]
[White "Abdyzhaparov, Aidar"]
[Black "Petukhov, Dmitry"]
[WhiteFideId "13800361"]
[BlackFideId "4142748"]
[WhiteElo "1978"]
[BlackElo "2350"]
[Result "1-0"]
[Round "03"]
[TimeControl "180+2"]
[Date "2023.01.17"]
[WhiteClock "0:01:28"]
[BlackClock "0:01:09"]

1. Nf3 Nf6 2. c4 g6 3. Nc3 c6 4. e4 d5 5. cxd5 cxd5 6. e5 Ne4 7. Nxe4 dxe4 8. Qa4+ Nc6 9. Qxe4 Bf5 10. Qa4 Bg7 11. d4 O-O 12. Be3 Qb6 13. Bb5 a6 14. Bxc6 bxc6 15. O-O c5 16. b3 cxd4 17. Nxd4 Bd3 18. Rfd1 Bb5 19. Qb4 Bxe5 20. a4 Bd6 21. Qc3 Rac8 22. Qb2 Bc4 23. Nf5 Qxb3 24. Qg7# 1-0


[Site "https://www.chess.com"]

[Event "Titled Tuesday Blitz January 17 Late 2023"]
[White "Bilan, Danila"]
[Black "Pace, Christopher"]
[WhiteFideId "24161918"]
[BlackFideId "2610167"]
[WhiteElo "2303"]
[BlackElo "2053"]
[Result "1-0"]
[Round "03"]
[TimeControl "180+2"]
[Date "2023.01.17"]
[WhiteClock "0:00:17"]
[BlackClock "0:00:09"]

1. d4 Nf6 2. Nf3 g6 3. Bg5 Bg7 4. c3 O-O 5. Nbd2 d6 6. e4 Nc6 7. Qc2 e5 8. dxe5 dxe5 9. Bc4 Qe7 10. O-O h6 11. Bh4 Be6 12. Rad1 Rad8 13. Rfe1 Rd7 14. Bb5 g5 15. Bg3 Nh5 16. Bxc6 bxc6 17. Bxe5 Rfd8 18. Bxg7 Kxg7 19. Nd4 Qc5 20. b4 Qb6 21. Nxe6+ fxe6 22. Nb3 Nf4 23. Nc5 Rxd1 24. Rxd1 Rd6 25. g3 Ng6 26. Rxd6 cxd6 27. Nxe6+ Kf6 28. Nd4 Ne5 29. Qe2 g4 30. Qe3 Kg6 31. Qf4 Qa6 32. Qf5+ Kg7 33. Ne6+ Kh8 34. Qf8+ Kh7 35. Qg7# 1-0


[Site "https://www.chess.com"]

[Event "Titled Tuesday Blitz January 17 Late 2023"]
[White "Balague Camps, Marc"]
[Black "Baules Rodriguez, Jorge Luis"]
[WhiteFideId "2297914"]
[BlackFideId "6600247"]
[WhiteElo "2190"]
[BlackElo "2304"]
[Result "0-1"]
[Round "03"]
[TimeControl "180+2"]
[Date "2023.01.17"]
[WhiteClock "0:02:10"]
[BlackClock "0:00:56"]

1. d4 Nf6 2. c4 g6 3. Nc3 d5 4. cxd5 Nxd5 5. Bd2 Bg7 6. e4 Nb6 7. Be3 O-O 8. f4 Nc6 9. d5 Na5 10. Bd4 Bxd4 11. Qxd4 e5 12. fxe5 Nc6 13. Qe3 Nxe5 14. O-O-O c6 15. Kb1 cxd5 16. exd5 Bf5+ 17. Ka1 Re8 18. Nf3 Ng4 19. Qd4 Ne3 20. Bb5 Nc2+ 0-1


[Site "https://www.chess.com"]

[Event "Titled Tuesday Blitz January 17 Late 2023"]
[White "Przybylski, Wojciech"]
[Black "Jenkins, Drake"]
[WhiteFideId "1117599"]
[BlackFideId "2022397"]
[WhiteElo "2321"]
[BlackElo "2130"]
[Result "1-0"]
[Round "03"]
[TimeControl "180+2"]
[Date "2023.01.17"]
[WhiteClock "0:00:20"]
[BlackClock "0:00:01"]

1. d4 Nf6 2. c4 c5 3. Nf3 g6 4. Nc3 cxd4 5. Nxd4 Nc6 6. e4 Bg7 7. Be3 O-O 8. Be2 Nxd4 9. Bxd4 d6 10. O-O Be6 11. Rc1 a6 12. b3 Qd7 13. f3 Rfb8 14. a4 Ne8 15. Bb6 Rc8 16. a5 f5 17. Qd2 Nf6 18. Bd3 fxe4 19. fxe4 Rf8 20. h3 Nh5 21. Nd5 Bxd5 22. cxd5 Rxf1+ 23. Bxf1 Rc8 24. Bc4 Be5 25. Rf1 Ng3 26. Re1 Rf8 27. Bf2 Qd8 28. Re3 Nh5 29. g3 Qe8 30. Be2 Nf6 31. Qb4 Qd7 32. Kg2 Ne8 33. Bg4 Qc7 34. Be6+ Kh8 35. Rf3 Rxf3 36. Kxf3 Kg7 37. h4 Nf6 38. Qd2 h6 39. Be3 h5 40. Bh6+ Kh7 41. Be3 1-0


[Site "https://www.chess.com"]

[Event "Titled Tuesday Blitz January 17 Late 2023"]
[White "Ward, Ieuan C"]
[Black "Al-Tarboush, Ward"]
[WhiteFideId "406627"]
[BlackFideId "7601450"]
[WhiteElo "2028"]
[BlackElo "2256"]
[Result "0-1"]
[Round "03"]
[TimeControl "180+2"]
[Date "2023.01.17"]
[WhiteClock "0:00:03"]
[BlackClock "0:01:12"]

1. e4 c5 2. Nf3 Nc6 3. d4 cxd4 4. c3 dxc3 5. Nxc3 e6 6. Bc4 a6 7. a4 Bb4 8. O-O Nge7 9. Bg5 f6 10. Be3 O-O 11. Nd4 Nxd4 12. Bxd4 Nc6 13. Be3 Kh8 14. f4 Qe7 15. Kh1 Bc5 16. Bd2 b6 17. f5 Ne5 18. Bb3 Nd3 19. Qf3 Ne5 20. Qh3 Rb8 21. Bf4 d5 22. exd5 exf5 23. Rad1 Bd6 24. Bc2 Ng4 25. Bxd6 Qxd6 26. Bxf5 Bxf5 27. Rxf5 Ne5 28. Rh5 h6 29. Ne4 Qb4 30. Rxh6+ gxh6 31. Qxh6+ Kg8 32. Nxf6+ Rxf6 33. Qxf6 Re8 34. d6 Qg4 35. Re1 Qe6 36. Qg5+ Kh7 37. Qh5+ Kg7 38. Qg5+ Qg6 39. Qxg6+ Kxg6 40. d7 Rf8 41. Rd1 Nxd7 42. h4 Nc5 43. a5 bxa5 44. Rd5 Rf5 45. Rd6+ Kh5 46. g3 Ne4 47. Kh2 Rb5 48. Rxa6 Rxb2+ 49. Kh3 Nf2+ 50. Kg2 Ng4+ 51. Kf3 Rb3+ 52. Kf4 Rb4+ 53. Kf3 a4 54. Ra5+ Kg6 55. h5+ Kh6 56. Ke2 Nf6 57. Kd3 Nxh5 58. Kc3 Rg4 59. Kb2 Nxg3 60. Ka3 Ne4 61. Rxa4 Rg3+ 62. Ka2 Nc3+ 63. Kb3 Nxa4+ 64. Kxa4 Rg4+ 0-1


[Site "https://www.chess.com"]

[Event "Titled Tuesday Blitz January 17 Late 2023"]
[White "Andreassen, Lars"]
[Black "Taichman, Ori"]
[WhiteFideId "1504878"]
[BlackFideId "2804069"]
[WhiteElo "2168"]
[BlackElo "2299"]
[Result "0-1"]
[Round "03"]
[TimeControl "180+2"]
[Date "2023.01.17"]
[WhiteClock "0:00:01"]
[BlackClock "0:00:07"]

1. d4 Nf6 2. Nf3 g6 3. c4 Bg7 4. Nc3 O-O 5. g3 d6 6. Bg2 Nc6 7. O-O Rb8 8. d5 Na5 9. Nd2 c5 10. Rb1 e6 11. Qc2 exd5 12. cxd5 b5 13. b3 Re8 14. Bb2 b4 15. Nce4 Bf5 16. Nxf6+ Bxf6 17. e4 Bg4 18. f3 Bd7 19. Kh1 Bb5 20. Rfe1 Rc8 21. Nc4 Bxc4 22. bxc4 Bxb2 23. Rxb2 Qd7 24. h4 Rb8 25. Kh2 Rb6 26. Re3 Qb7 27. f4 Qa6 28. Bf1 Rb7 29. Qa4 Rbe7 30. Rbe2 Qb6 31. Re1 Kf8 32. e5 Nb7 33. Bh3 dxe5 34. fxe5 Nd6 35. Qc2 Qa6 36. Bf1 Nf5 37. Re4 Qa3 38. Qf2 Qc3 39. g4 Rxe5 40. Rxe5 Rxe5 41. Qxc5+ Kg7 42. Rxe5 Qxe5+ 43. Kg1 Qg3+ 44. Bg2 Ne3 45. Qd4+ Kg8 46. Qe4 a5 47. Qe8+ Kg7 48. Qe4 a4 49. d6 b3 50. axb3 axb3 51. d7 Nxg2 52. Qd4+ Kh6 53. g5+ Kh5 54. Qd1+ Kxh4 0-1


[Site "https://www.chess.com"]

[Event "Titled Tuesday Blitz January 17 Late 2023"]
[White "Souleidis, Georgios"]
[Black "Rose, Felix"]
[WhiteFideId "4206827"]
[BlackFideId "5105722"]
[WhiteElo "2419"]
[BlackElo "2091"]
[Result "1-0"]
[Round "03"]
[TimeControl "180+2"]
[Date "2023.01.17"]
[WhiteClock "0:00:47"]
[BlackClock "0:00:01"]

1. e4 e5 2. Nc3 Nf6 3. d4 exd4 4. Qxd4 Nc6 5. Qd3 Bb4 6. Bd2 d6 7. O-O-O Be6 8. f4 a6 9. Qg3 O-O 10. Nf3 Nh5 11. Qg5 Qxg5 12. fxg5 g6 13. a3 Bc5 14. Bd3 b5 15. Nd5 Bxd5 16. exd5 Nd4 17. Nxd4 Bxd4 18. g4 Ng7 19. c3 Be5 20. h4 Rfe8 21. Rdf1 Re7 22. Rf3 Rf8 23. Kc2 Ne8 24. a4 bxa4 25. Bxa6 Bg7 26. Bb5 f6 27. Bxa4 fxg5 28. Rxf8+ Bxf8 29. Bxg5 1-0


[Site "https://www.chess.com"]

[Event "Titled Tuesday Blitz January 17 Late 2023"]
[White "Mendez Fortes, Eduardo Jesus"]
[Black "Almedina Ortiz, Edgardo J."]
[WhiteFideId "3502376"]
[BlackFideId "3100197"]
[WhiteElo "2250"]
[BlackElo "2156"]
[Result "1-0"]
[Round "03"]
[TimeControl "180+2"]
[Date "2023.01.17"]
[WhiteClock "0:00:38"]
[BlackClock "0:00:17"]

1. e4 c5 2. Nf3 e6 3. d4 cxd4 4. Nxd4 Nc6 5. Nc3 Qc7 6. Be3 a6 7. Qd2 Nf6 8. O-O-O Be7 9. f3 O-O 10. g4 Rd8 11. g5 Ne8 12. h4 b5 13. h5 b4 14. Nce2 Ne5 15. g6 fxg6 16. hxg6 Nxg6 17. Nf4 Nf8 18. Kb1 Bb7 19. Rg1 Rac8 20. Nh5 d5 21. Qg2 g6 22. Nf4 Ng7 23. exd5 exd5 24. Bd3 Bf6 25. Rge1 Bxd4 26. Bxd4 Qxf4 27. Bxg7 Kxg7 28. Re7+ Kg8 29. Rxb7 a5 30. Rh1 Rd7 31. Rxd7 Nxd7 32. Bxg6 hxg6 33. Qxg6+ Kf8 34. Rh8+ Ke7 35. Rxc8 Qxf3 36. Re8# 1-0


[Site "https://www.chess.com"]

[Event "Titled Tuesday Blitz January 17 Late 2023"]
[White "Munoz, Francisco Javier"]
[Black "Ardila, Oscar Humberto"]
[WhiteFideId "128368"]
[BlackFideId "4404742"]
[WhiteElo "2389"]
[BlackElo "1982"]
[Result "1-0"]
[Round "03"]
[TimeControl "180+2"]
[Date "2023.01.17"]
[WhiteClock "0:00:09"]
[BlackClock "0:00:04"]

1. e4 e5 2. Nc3 Nf6 3. f4 d6 4. Nf3 Bg4 5. h3 Bxf3 6. Qxf3 Nbd7 7. Bc4 Be7 8. d3 c6 9. g4 exf4 10. Bxf4 Ne5 11. Bxe5 dxe5 12. O-O-O h6 13. Kb1 b5 14. Bb3 a5 15. a4 b4 16. Ne2 Qd7 17. Ng3 Bf8 18. Nf5 O-O-O 19. d4 Qc7 20. dxe5 Qxe5 21. Rxd8+ Kxd8 22. Rd1+ Kc7 23. Bxf7 Nxe4 24. Qd3 Bd6 25. Bg6 Rd8 26. Qa6 Rb8 27. Nxd6 Nxd6 28. Qa7+ Rb7 29. Qf2 Qf6 30. Qxf6 gxf6 31. Rf1 Kb6 32. Rxf6 Kc5 33. Bd3 Re7 34. Rxh6 Re1+ 35. Ka2 Rh1 36. h4 Nf7 37. Rf6 Ne5 38. Rf5 Kd4 39. h5 c5 40. Rf4+ Kd5 41. Bb5 c4 42. Rf5 Rh2 43. Be8 Rxc2 44. Rf1 b3+ 45. Kb1 Nd3 46. h6 Rxb2+ 47. Ka1 Ra2+ 48. Kb1 c3 49. Bf7+ Kd4 50. Bxb3 Rb2+ 51. Ka1 Rxb3 52. h7 Ra3+ 53. Kb1 Nb4 54. h8=Q+ Kc4 55. Qc8+ Kb3 56. Qg8+ Kxa4 57. Rc1 Rb3+ 58. Qxb3+ Kxb3 59. g5 a4 60. g6 a3 61. g7 a2+ 62. Ka1 Nc2+ 63. Rxc2 Kxc2 64. g8=Q Kd2 65. Qg2+ Kd1 66. Qf1+ Kd2 67. Qf2+ Kd1 68. Qd4+ Kc2 69. Kxa2 Kc1 70. Kb3 c2 71. Qc3 Kb1 72. Qxc2+ 1-0


[Site "https://www.chess.com"]

[Event "Titled Tuesday Blitz January 17 Late 2023"]
[White "Koutlas, Nikolaos"]
[Black "Wang, Alexander J"]
[WhiteFideId "25827138"]
[BlackFideId "30955270"]
[WhiteElo "2341"]
[BlackElo "1815"]
[Result "0-1"]
[Round "03"]
[TimeControl "180+2"]
[Date "2023.01.17"]
[WhiteClock "0:00:02"]
[BlackClock "0:00:57"]

1. b3 d5 2. Bb2 c5 3. e3 Nc6 4. Nf3 Nf6 5. d4 e6 6. Bd3 a6 7. O-O b6 8. a3 Bb7 9. Nbd2 Be7 10. Ne5 b5 11. f4 c4 12. Be2 Nxe5 13. dxe5 Nd7 14. b4 Rc8 15. Bd4 g6 16. c3 Nb8 17. Nf3 Nc6 18. Qe1 a5 19. g4 Qd7 20. h3 Ra8 21. Qb1 a4 22. Qe1 Kd8 23. Bb6+ Kc8 24. Bd1 Ra6 25. Bd4 Kc7 26. Bc2 Raa8 27. Kf2 Raf8 28. Ke2 Bc8 29. Kd2 f5 30. exf6 Bxf6 31. Bxf6 Rxf6 32. Qh4 Rhf8 33. Rf2 d4 34. Nxd4 e5 35. Re1 exd4 36. cxd4 Nxd4 37. exd4 Qxd4+ 38. Kc1 Qa1+ 39. Bb1 Qxa3+ 40. Kc2 Qb3+ 41. Kc1 Qc3+ 42. Rc2 Qa3+ 43. Rb2 c3 44. Re7+ Kb8 0-1


[Site "https://www.chess.com"]

[Event "Titled Tuesday Blitz January 17 Late 2023"]
[White "Chlpik, Martin"]
[Black "Kovanova, Baira"]
[WhiteFideId "14923351"]
[BlackFideId "4164083"]
[WhiteElo "2287"]
[BlackElo "2304"]
[Result "1-0"]
[Round "03"]
[TimeControl "180+2"]
[Date "2023.01.17"]
[WhiteClock "0:00:21"]
[BlackClock "0:01:01"]

1. d3 d5 2. Nf3 Nf6 3. g3 e6 4. Bg2 c5 5. O-O Nc6 6. Nbd2 Be7 7. e4 Qc7 8. c3 b5 9. a4 b4 10. exd5 exd5 11. c4 O-O 12. b3 Bg4 13. h3 Bh5 14. Bb2 Rad8 15. Qc2 Bg6 16. Nh4 d4 17. Nxg6 fxg6 18. Rae1 Bd6 19. Ne4 Nxe4 20. Rxe4 g5 21. Rfe1 Ne5 22. Qe2 Ng6 23. Re6 Qf7 24. Bd5 Bxg3 25. Rf6 gxf6 26. Bxf7+ Rxf7 27. fxg3 Ne5 28. Bc1 Rg7 29. Qe4 g4 30. hxg4 Rxg4 31. Bf4 Kh8 32. Qf5 Rg6 33. Bxe5 fxe5 34. Qxe5+ Kg8 35. Kg2 Rf8 36. Qd5+ Kh8 37. Qxc5 Rgf6 38. Qxd4 Kg8 39. Re7 Rg6 40. Qd5+ Kh8 41. Qe5+ Kg8 42. d4 1-0


[Site "https://www.chess.com"]

[Event "Titled Tuesday Blitz January 17 Late 2023"]
[White "Fajdetic, Hrvoje"]
[Black "Martinez Reyes, Pedro Ramon"]
[WhiteFideId "14501945"]
[BlackFideId "3901807"]
[WhiteElo "2151"]
[BlackElo "2376"]
[Result "0-1"]
[Round "03"]
[TimeControl "180+2"]
[Date "2023.01.17"]
[WhiteClock "0:00:03"]
[BlackClock "0:00:47"]

1. d4 Nf6 2. Bf4 c5 3. d5 d6 4. Nc3 e5 5. dxe6 Bxe6 6. e4 Nc6 7. Bb5 Qa5 8. Bd2 a6 9. Nd5 Qd8 10. Nxf6+ Qxf6 11. Bc3 Qg6 12. Bxc6+ bxc6 13. Qf3 Be7 14. Ne2 Bg4 15. Qd3 O-O 16. O-O Rfe8 17. Ng3 h5 18. f3 Bd7 19. Rf2 h4 20. Nf1 Bg5 21. Bd2 Be7 22. b3 a5 23. c4 a4 24. Bc3 axb3 25. axb3 Rxa1 26. Bxa1 Ra8 27. Bc3 Ra3 28. Bb2 Ra2 29. Bc3 Rxf2 30. Kxf2 f5 31. Nd2 Be6 32. exf5 Bxf5 33. Ne4 Bxe4 34. Qxe4 Qxe4 35. fxe4 Kf7 36. e5 d5 37. Kf3 Ke6 38. Bb2 Kf5 39. g3 hxg3 40. hxg3 d4 41. g4+ Kxe5 42. Ba3 Bd6 43. Bb2 Bc7 44. Bc1 Ba5 45. Bf4+ Ke6 46. Bb8 Kf6 47. Ke4 Kg5 48. Kf3 Kh4 49. Ba7 Bb4 50. Bb8 g6 51. Bg3+ Kh3 52. Bf4 d3 0-1


[Site "https://www.chess.com"]

[Event "Titled Tuesday Blitz January 17 Late 2023"]
[White "Potapova, Margarita"]
[Black "Weissbarth, Adam"]
[WhiteFideId "14126869"]
[BlackFideId "2018187"]
[WhiteElo "2104"]
[BlackElo "2144"]
[Result "1-0"]
[Round "03"]
[TimeControl "180+2"]
[Date "2023.01.17"]
[WhiteClock "0:02:10"]
[BlackClock "0:01:24"]

1. e4 d5 2. exd5 Qxd5 3. Nc3 Qa5 4. d4 Nf6 5. Nf3 c6 6. Ne5 Be6 7. Be2 Nbd7 8. Nc4 Bxc4 9. Bxc4 e6 10. O-O Bb4 11. Ne2 O-O 12. Ng3 b5 13. Bd3 a6 14. Bg5 h6 15. Bxf6 Nxf6 16. Nh5 Nxh5 17. Qxh5 Qd8 18. c3 Bd6 19. Rfe1 Qg5 20. Qf3 Rac8 21. Qe4 g6 22. g3 Qd5 23. Qe3 Kg7 24. Be4 Qg5 25. f4 Qg4 26. Bf3 Qf5 27. Be4 Qg4 28. Kg2 g5 29. f5 exf5 30. Bf3 f4 31. Bxg4 fxe3 32. Bxc8 Rxc8 33. Rxe3 1-0


[Site "https://www.chess.com"]

[Event "Titled Tuesday Blitz January 17 Late 2023"]
[White "Papp, Petra"]
[Black "Principe, Gerson"]
[WhiteFideId "739049"]
[BlackFideId "3804550"]
[WhiteElo "2343"]
[BlackElo "2226"]
[Result "0-1"]
[Round "03"]
[TimeControl "180+2"]
[Date "2023.01.17"]
[WhiteClock "0:00:11"]
[BlackClock "0:00:55"]

1. e4 b6 2. d4 Bb7 3. Bd3 e6 4. Nf3 c5 5. c3 Nf6 6. Qe2 d5 7. e5 Nfd7 8. O-O Be7 9. a3 Qc8 10. b4 Nc6 11. Bg5 Qd8 12. h4 h6 13. Bxe7 Qxe7 14. Nbd2 O-O 15. g3 f5 16. exf6 Qxf6 17. Kg2 e5 18. dxe5 Ncxe5 19. Nxe5 Nxe5 20. f4 Nxd3 21. Qxd3 d4+ 22. Nf3 dxc3 23. bxc5 Rac8 24. cxb6 axb6 25. Rac1 Rfd8 26. Qe3 c2 27. Kg1 Rc3 28. Qe2 Rdd3 29. Qe8+ Kh7 30. Ng5+ hxg5 31. Qh5+ Qh6 32. Qxh6+ gxh6 33. hxg5 Rxg3+ 34. Kf2 Rg2+ 35. Ke1 Re3# 0-1


[Site "https://www.chess.com"]

[Event "Titled Tuesday Blitz January 17 Late 2023"]
[White "Pasti, Aron"]
[Black "Torres Dominguez, David"]
[WhiteFideId "785857"]
[BlackFideId "2220857"]
[WhiteElo "2361"]
[BlackElo "1994"]
[Result "1-0"]
[Round "03"]
[TimeControl "180+2"]
[Date "2023.01.17"]
[WhiteClock "0:00:03"]
[BlackClock "0:00:02"]

1. e4 Nc6 2. Nf3 e5 3. Bb5 Nge7 4. Nc3 g6 5. d4 exd4 6. Nd5 Bg7 7. Bg5 h6 8. Bf6 Bxf6 9. Nxf6+ Kf8 10. Nxd4 Nf5 11. Nxc6 Qxf6 12. Nxa7 Rxa7 13. exf5 Qe5+ 14. Qe2 Qxb2 15. O-O gxf5 16. Rae1 Qf6 17. f4 d6 18. Rf3 Be6 19. a4 Kg7 20. Rg3+ Kh7 21. Qh5 c6 22. Bd3 Rxa4 23. Rg5 Ra1 24. Rf1 Rxf1+ 25. Kxf1 Ra8 26. Rg3 Ra4 27. Rf3 Ra5 28. g4 Kg7 29. g5 hxg5 30. fxg5 Qa1+ 31. Kg2 f4 32. Qh6+ Kg8 33. Bh7+ Kh8 34. Be4+ Kg8 35. Rh3 1-0


[Site "https://www.chess.com"]

[Event "Titled Tuesday Blitz January 17 Late 2023"]
[White "Sukandar, Irine Kharisma"]
[Black "Marin Masis, Jose Esteban"]
[WhiteFideId "7101937"]
[BlackFideId "6508146"]
[WhiteElo "2390"]
[BlackElo "1938"]
[Result "1-0"]
[Round "03"]
[TimeControl "180+2"]
[Date "2023.01.17"]
[WhiteClock "0:00:29"]
[BlackClock "0:00:05"]

1. d4 Nf6 2. Bf4 d5 3. e3 Nc6 4. Nc3 g6 5. Nb5 e5 6. dxe5 Nh5 7. Qxd5 Nxf4 8. Qxd8+ Kxd8 9. O-O-O+ Bd7 10. exf4 a6 11. Nc3 Bh6 12. g3 Nxe5 13. Bh3 f5 14. Kb1 Ng4 15. Bxg4 fxg4 16. h3 Ke7 17. hxg4 Bg7 18. Nd5+ Kf7 19. Nf3 Bxg4 20. Ng5+ Kg8 21. f3 h6 22. Ne7+ Kf8 23. Nxg6+ Kg8 24. fxg4 hxg5 25. Nxh8 Bxh8 26. fxg5 Be5 27. Rd7 Rf8 28. g6 Bxg3 29. Rh8+ Kxh8 30. g7+ Kg8 31. gxf8=Q+ Kxf8 32. c4 Ke8 33. Rh7 Kf8 34. Kc2 Kg8 35. Rd7 Kf8 36. Kd3 Ke8 37. Rh7 Kf8 38. Ke4 Kg8 39. Rd7 Kf8 40. Kf5 Ke8 41. Rh7 Kf8 42. Kf6 Kg8 43. Rd7 b5 44. g5 bxc4 45. Rd8+ Kh7 46. g6+ 1-0


[Site "https://www.chess.com"]

[Event "Titled Tuesday Blitz January 17 Late 2023"]
[White "Marczuk, Dominik"]
[Black "Stead, Kerry"]
[WhiteFideId "1111264"]
[BlackFideId "3202577"]
[WhiteElo "2253"]
[BlackElo "1908"]
[Result "1-0"]
[Round "03"]
[TimeControl "180+2"]
[Date "2023.01.17"]
[WhiteClock "0:01:55"]
[BlackClock "0:00:59"]

1. e4 e6 2. d4 d5 3. Nd2 c5 4. exd5 exd5 5. Ngf3 Nc6 6. Bb5 Bg4 7. O-O cxd4 8. Re1+ Be7 9. h3 Bxf3 10. Nxf3 Qb6 11. Nxd4 Nf6 12. Bxc6+ bxc6 13. Nf5 Ne4 14. Be3 Qc7 15. f3 Nd6 16. Nxe7 Qxe7 17. Bc5 Qxe1+ 18. Qxe1+ Kd7 19. Bxd6 Kxd6 20. Qg3+ Kc5 21. Qxg7 Rae8 22. Qxf7 Re2 23. b4+ Kb6 24. a4 a5 25. bxa5+ Kxa5 26. Qa7+ Kb4 27. Qd4+ Ka5 28. Qxh8 1-0


[Site "https://www.chess.com"]

[Event "Titled Tuesday Blitz January 17 Late 2023"]
[White "Pein, Jonathan"]
[Black "Medeiros,Thauane Ferreira"]
[WhiteFideId "417092"]
[BlackFideId "2134470"]
[WhiteElo "2265"]
[BlackElo "1854"]
[Result "0-1"]
[Round "03"]
[TimeControl "180+2"]
[Date "2023.01.17"]
[WhiteClock "0:00:19"]
[BlackClock "0:00:24"]

1. e4 e5 2. Nf3 Nc6 3. Bb5 Nf6 4. O-O Nxe4 5. Nc3 Nxc3 6. bxc3 a6 7. Bxc6 dxc6 8. Nxe5 Bd6 9. d4 O-O 10. Bf4 Re8 11. Qf3 Be6 12. Rfe1 Bd5 13. Qg3 f6 14. Nd3 Rxe1+ 15. Nxe1 Bxf4 16. Qxf4 Qd6 17. Nd3 Re8 18. Qxd6 cxd6 19. Kf1 Bc4 20. a3 Kf7 21. Re1 Bxd3+ 22. cxd3 Rxe1+ 23. Kxe1 d5 24. c4 b5 25. Kd2 Ke6 26. Kc3 a5 27. Kb3 Kf5 28. Kc3 Kf4 29. cxb5 cxb5 30. Kd2 g5 31. Ke2 h5 32. f3 h4 33. Kf2 g4 34. g3+ hxg3+ 35. hxg3+ Kf5 36. f4 b4 37. axb4 axb4 38. Ke2 Ke6 39. Kd2 Kd6 40. Kc2 Kc6 41. Kb2 f5 42. Ka2 Kb5 43. Kb3 Ka5 44. Kb2 Ka4 45. Ka2 b3+ 46. Kb2 Kb4 47. Kc1 Kc3 48. Kb1 Kxd3 49. Kb2 Kxd4 50. Kxb3 Ke3 51. Kc3 d4+ 52. Kc2 Ke2 53. Kb3 d3 54. Kc3 d2 55. Kd4 d1=Q+ 56. Ke5 Qe1 57. Kxf5 Qxg3 58. Kg5 Qf3 59. f5 g3 60. f6 g2 61. Kg6 g1=Q+ 62. Kf7 Qxf6+ 63. Kxf6 Qc5 0-1


[Site "https://www.chess.com"]